 Dungeon Crawl Stone Soup version 0.28-a0-1493-g08698888e4 (webtiles) character file.

Game seed: 11773950569732047994

277 bande the Covered (level 6, 0/39 HPs)
             Began as a Gargoyle Fighter on Jan 12, 2022.
             Slain by a scorpion (2 damage)
             ... on level 4 of the Dungeon.
             The game lasted 00:06:42 (3817 turns).

bande the Covered (Gargoyle Fighter)                Turns: 3817, Time: 00:06:42

Health: 0/39       AC: 18    Str: 20    XL:     6   Next: 25%
Magic:  6/6        EV:  9    Int:  8    God:
Gold:   236        SH:  4    Dex: 11    Spells: 5/5 levels left

rFire   . . .      SeeInvis .   a - +0 war axe
rCold   . . .      Faith    .   c - +0 buckler
rNeg    + . .      Spirit   .   b - +0 scale mail
rPois   ∞          Reflect  .   g - +2 helmet
rElec   +          Harm     .   (no cloak)
rCorr   .          Rampage  .   (no gloves)
Will    .....                   (no boots)
Stlth   ..........              (no amulet)
HPRegen 0.13/turn               l - +4 ring of protection
MPRegen 0.10/turn               (no ring)

@: attractive, studying Unarmed Combat
A: sickness immunity, AC +4, negative energy resistance 1, electricity
resistance, torment resistance 1, petrification resistance
a: no special abilities


You were on level 4 of the Dungeon.
You visited 1 branch of the dungeon, and saw 4 of its levels.

You collected 236 gold pieces.

Inventory:

Hand Weapons
 a - a +0 war axe (weapon)
Armour
 b - a +0 scale mail (worn)
 c - a +0 buckler (worn)
 g - a +2 helmet (worn)
Jewellery
 l - a +4 ring of protection (left hand)
Wands
 q - a wand of mindburst (12)
Scrolls
 e - a scroll of blinking {unknown}
 f - 2 scrolls of identify {unknown}
 h - a scroll of fog {unknown}
 j - a scroll of amnesia {unknown}
 m - 2 scrolls of teleportation {unknown}
 r - a scroll of brand weapon {unknown}
Potions
 d - a potion of might
 i - a potion of curing {unknown}
 k - a potion of attraction
 n - a potion of flight {unknown}
 o - a potion of heal wounds {unknown}
 p - a potion of haste {unknown}


   Skills:
 + Level 4.3 Fighting
 + Level 4.2 Axes
 + Level 4.3 Armour
 + Level 4.1 Shields
 * Level 0.2 Evocations


You had 5 spell levels left.
You didn't know any spells.
Your spell library contained the following spells:

 Spells                   Type           Power      Damage    Failure   Level
 Sting                    Tmut/Pois      0%         1d3       83%         1
 Passwall                 Tmut/Erth      0%         N/A       93%         2
 Hailstorm                Conj/Ice       0%         3d3       100%        4
 Ice Form                 Ice/Tmut       0%         N/A       100%        4
 Alistair's Intoxication  Tmut/Pois      0%         N/A       100%        5
 Simulacrum               Ice/Necr       0%         N/A       100%        6


Dungeon Overview and Level Annotations

Branches:
Dungeon (4/15)
 Temple: D:4-7

Altars:

Shops:
D:3 ?


Innate Abilities, Weirdness & Mutations

You are immune to sickness and miasma.
Your stone body is resilient. (AC +4)
You are immune to poison.
You resist negative energy. (rN+)
You are resistant to electric shocks. (rElec)
You are resistant to unholy torment.
You are immune to petrification.


Message History

You hit the scorpion. The orc warrior closely misses you.
The scorpion barely misses you.
The orc wizard gestures at you while chanting.
The puff of flame hits you but does no damage.
You block the orc warrior's attack.
You hit the orc wizard.
You kill the orc wizard!
You closely miss the scorpion.
The scorpion stings you but does no damage.
The orc warrior hits you but does no damage.
The scorpion stings you but does no damage.
The orc warrior closely misses you.
The scorpion stings you but does no damage.
Things that are here:
a +0 dagger; a +0 robe; an orc corpse Unknown command.
The scorpion stings you but does no damage.
The orc warrior hits you with a +0 glaive.
You hit the orc warrior but do no damage.
You hit the scorpion. The scorpion barely misses you.
The orc warrior hits you with a +0 glaive!
You block the scorpion's attack.
The orc warrior hits you with a +0 glaive.
* * * LOW HITPOINT WARNING * * *
Unknown command.
You hit the orc warrior.
The orc warrior is lightly wounded.
You closely miss the scorpion. You block the scorpion's attack.
The orc warrior hits you with a +0 glaive.
* * * LOW HITPOINT WARNING * * *
You hit the orc warrior.
The orc warrior is moderately wounded.
You completely miss the scorpion. The scorpion stings you.
* * * LOW HITPOINT WARNING * * *
The orc warrior barely misses you.
The scorpion stings you but does no damage.
It was a potion of attraction.
You feel attractive to monsters. The scorpion stings you.
You die...

...# #+# ####..# ...#
.....##...#
#.........#
#..........
#.......... ##
#)so....... ##..
#.)@.# #....
####.#####..
#....##..#........
#.........#...>...
#.........#.......
#######..##.###...####
#...###+###.## ...#
.....#.......# ....
.....#.......# .....


You could see an orc warrior and a scorpion.

Vanquished Creatures
  A kobold brigand (D:4)
  A howler monkey (D:4)
  Jessica (D:3)
  An orc wizard (D:4)
  2 adders
  2 dart slugs
  2 worms (D:2)
  7 orcs
  2 bats (D:1)
  7 endoplasms
  5 giant cockroaches
  4 hobgoblins
  17 jackals
  4 kobolds
  4 quokkas (D:1)
  3 ball pythons
  5 frilled lizards
  7 goblins
  5 rats
80 creatures vanquished.

Vanquished Creatures (others)
  4 toadstools (D:1)
4 creatures vanquished.

Grand Total: 84 creatures vanquished

Notes
Turn   | Place    | Note
-------+----------+-------------------------------------------
     0 | D:1      | bande the Gargoyle Fighter began the quest for the Orb.
     0 | D:1      | Reached XP level 1. HP: 14/14 MP: 1/1
   564 | D:1      | Reached XP level 2. HP: 13/19 MP: 2/2
   821 | D:1      | Found a faded altar of an unknown god.
   962 | D:1      | Reached XP level 3. HP: 19/24 MP: 3/3
  2458 | D:2      | Reached XP level 4. HP: 26/29 MP: 4/4
  2853 | D:3      | Noticed Jessica
  2860 | D:3      | Killed Jessica
  2861 | D:3      | Reached XP level 5. HP: 20/33 MP: 5/5
  3118 | D:3      | Found Kaujin's Magic Scroll Emporium.
  3382 | D:4      | Got Teun's Papyrus of the Mountains and Contamination
  3522 | D:4      | Noticed a kobold brigand
  3529 | D:4      | Killed a kobold brigand
  3530 | D:4      | Reached XP level 6. HP: 28/38 MP: 6/6
  3802 | D:4      | Noticed an orc warrior
  3817 | D:4      | Slain by a scorpion

Illustrated notes

Levels and vault maps discovered:
D:1:      wander_arrival_peaceful_grave, layout_loops_corners,
          hellmonk_ecumenical_altar_blasted, minmay_gold_behind_fungi
D:2:      minmay_chambers_of_ones, layout_loops_ring, grunt_ministairs_5
D:3:      layout_rooms, serial_shops, shop_fountains, uniq_jessica
D:4:      layout_gridville, minmay_manual_mail

Skill      XL: |  1  2  3  4  5 |
---------------+----------------+-----
Axes           | 2 3 4 |  4.2
Armour         | 4 |  4.3
Fighting       | 4 |  4.3
Shields        | 4 |  4.1
Evocations     | |  0.2

Action                   |  1- 3 |  4- 6 || total
-------------------------+-------+-------++-------
Melee: War axe           |   127 |   117 ||   244
  Use: Potion            |       |     1 ||     1
Armor: Scale mail        |    88 |    82 ||   170
Dodge: Dodged            |    65 |    89 ||   154
Block: Buckler           |    26 |    44 ||    70

Table legend: (Time is in decaauts)
 A = Elapsed time spent in this place.
 B = Non-inter-level travel time spent in this place.
 C = Inter-level travel time spent in this place.
 D = Time resting spent in this place.
 E = Time spent auto-exploring this place.
 F = Levels seen in this place.
 G = Mean time per level.
                   A        B        C        D        E       F      G
               +--------+--------+--------+--------+--------+-----+--------+
         Total |   3912 |   3739 |    173 |    312 |   2696 |   4 |  978.0 |
       Dungeon |   3912 |   3739 |    173 |    312 |   2696 |   4 |  978.0 |
               +--------+--------+--------+--------+--------+-----+--------+

Top non-repeatable levels by time:
     D:1: 1630 daAuts
     D:2: 1149 daAuts
     D:3: 670 daAuts
     D:4: 462 daAuts
